 Dungeon Crawl Stone Soup version 0.28.0 (webtiles) character file.

Game seed: 18412147174273457976

524379 oldriver the Metallomancer (level 25, -5/169 (170) HPs)
             Began as a Gargoyle Earth Elementalist on Feb 6, 2022.
             Was the Champion of Vehumet.
             Slain by a vault warden (25 damage)
             ... on level 4 of the Vaults on Feb 7, 2022.
             The game lasted 02:47:20 (98055 turns).

oldriver the Metallomancer (GrEE)                  Turns: 98055, Time: 02:47:21

HP:   -5/169 (170)  AC: 44    Str: 22    XL:     25   Next: 40%
MP:   51/56         EV: 11    Int: 41    God:    Vehumet [******]
Gold: 2536          SH:  9    Dex: 14    Spells: 3/65 levels left

rFire   + . .      SeeInvis .   D - +5 spear of Gravity {vamp, Str+2 Int+4}
rCold   . . .      Faith    .   S - +3 warlock's mirror {reflect}
rNeg    + . .      Spirit   .   G - +4 robe of Augmentation {Str+4 Int+4 Dex+4}
rPois   ∞          Reflect  +   J - +2 helmet {Int+3}
rElec   +          Harm     .   F - +5 cloak of the Fisher {rF+}
rCorr   .          Rampage  .   l - +2 pair of gloves
Will    +....                   T - +2 pair of boots {Fly}
Stlth   ++++......              Y - amulet of magic regeneration
HPRegen 0.38/turn               N - +6 ring of intelligence
MPRegen 0.75/turn               d - ring of magical power

@: in a vortex, flying, lightly drained, unable to read
A: sickness immunity, AC +19, big wings, negative energy resistance 1,
electricity resistance, torment resistance 1, petrification resistance,
inability to read while threatened
}: 3/15 runes: serpentine, barnacled, slimy
a: Renounce Religion


You were on level 4 of the Vaults.
You worshipped Vehumet.
Vehumet was exalted by your worship.
You visited 11 branches of the dungeon, and saw 50 of its levels.
You visited the Abyss 1 time.
You also visited: Wizlab.

You collected 5392 gold pieces.
You spent 2856 gold pieces at shops.

Inventory:

Hand Weapons
 D - the +5 spear of Gravity (weapon) {vamp, Str+2 Int+4}
   (You found it on level 8 of the Dungeon)

   It occasionally heals its wielder for a portion of the damage dealt when it
   wounds a living foe.
   Str:       It affects your strength (+2).
   Int:       It affects your intelligence (+4).
Missiles
 c - 1425 stones
 A - 73 poisoned darts
 L - 7 throwing nets
Armour
 l - a +2 pair of gloves (worn)
 F - the +5 cloak of the Fisher (worn) {rF+}
   (You found it in a wizard's laboratory)

   rF:        It protects you from fire.
 G - the +4 robe of Augmentation (worn) {Str+4 Int+4 Dex+4}
   (You found it on level 10 of the Dungeon)

   Str:       It affects your strength (+4).
   Int:       It affects your intelligence (+4).
   Dex:       It affects your dexterity (+4).
 J - a +2 helmet of intelligence (worn)
 R - the +2 cloak of the Thief {*Fog Slay-2 SInv Stlth+}
   (You found it in a wizard's laboratory)

   It may release a thick cloud of smoke when the wearer is hurt.
   Slay:      It affects your accuracy & damage with ranged weapons and melee
   (-2).
   SInv:      It lets you see invisible.
   Stlth:     It makes you more stealthy.
 S - the +3 warlock's mirror (worn) {reflect}
   (You acquired it on level 2 of the Elven Halls)

   It can block and reflect piercing ranged attacks and magical attacks against
   the wielder's willpower.
 T - a +2 pair of boots of flying (worn)
Jewellery
 a - an amulet of faith
 d - a ring of magical power (right hand)
 p - a ring of resist corrosion
 v - an amulet of regeneration
 E - a ring of protection from cold
 N - a +6 ring of intelligence (left hand)
 Y - an amulet of magic regeneration (around neck)
Wands
 e - a wand of charming (3)
 s - a wand of paralysis (3)
 y - a wand of iceblast (21)
 C - a wand of acid (10)
 I - a wand of flame (38)
 U - a wand of digging (21)
 V - a wand of polymorph (2)
 X - a wand of mindburst (26)
Scrolls
 b - 4 scrolls of summoning
 f - a scroll of acquirement
 g - 2 scrolls of blinking
 h - 3 scrolls of holy word
 i - 3 scrolls of silence
 q - 6 scrolls of fog
 w - 2 scrolls of magic mapping
 H - 9 scrolls of teleportation
 O - 7 scrolls of amnesia
 W - 4 scrolls of enchant weapon
 Z - 4 scrolls of fear
Potions
 j - 3 potions of cancellation
 k - 3 potions of magic
 m - 9 potions of curing
 n - a potion of berserk rage
 o - 3 potions of brilliance
 r - 7 potions of heal wounds
 t - 4 potions of resistance
 x - 5 potions of mutation
 B - 4 potions of ambrosia
 M - a potion of invisibility
 P - 5 potions of haste
 Q - 3 potions of might
Miscellaneous
 u - a phantom mirror
 z - a tin of tremorstones (2/2)
 K - a lightning rod (4/4)


   Skills:
 + Level 20.8 Fighting
 + Level 16.1 Armour
 - Level 1.5 Dodging
 - Level 8.3 Stealth
 - Level 10.0 Shields
 + Level 20.5 Spellcasting
 - Level 9.0 Conjurations
 - Level 0.7 Transmutations
 + Level 20.4 Ice Magic
 + Level 23.2 Earth Magic
 + Level 5.0 Evocations


You had 3 spell levels left.
You knew the following spells:

 Your Spells              Type           Power      Damage    Failure   Level
a - Sandblast             Erth           100%       2d20      0%          1
c - Passwall              Tmut/Erth      80%        N/A       0%          2
e - Fulminant Prism       Conj/Hex       34%        3d16      1%          4
f - Frozen Ramparts       Ice            100%       1d12      0%          3
g - Iron Shot             Conj/Erth      54%        9d10      1%          6
h - Ozocubu's Armour      Ice            100%       N/A       0%          3
i - Blink                 Tloc           84%        N/A       1%          2
l - Lee's Rapid Deconstr  Erth           62%        3d30*     0%          5
o - Ozocubu's Refrigerat  Ice            59%        4d16      1%          7
p - Shatter               Erth           62%        3d46*     1%          9
q - Swiftness             Air            42%        N/A       1%          3
s - Lehudib's Crystal Sp  Conj/Erth      54%        10d13     1%          8
v - Polar Vortex          Ice            59%        N/A       4%          9

Your spell library contained the following spells:

 Spells                   Type           Power      Damage    Failure   Level
 Magic Dart               Conj           100%       1d8       0%          1
 Ensorcelled Hibernation  Hex/Ice        100%       N/A       0%          2
 Stone Arrow              Conj/Erth      100%       3d13      0%          3
 Animate Skeleton         Necr           84%        N/A       1%          1
 Beastly Appendage        Tmut           96%        N/A       1%          1
 Pain                     Necr           100%       1d9       1%          1
 Shock                    Conj/Air       100%       1d9       1%          1
 Summon Small Mammal      Summ           100%       N/A       1%          1
 Call Imp                 Summ           42%        N/A       1%          2
 Corpse Rot               Necr/Air       84%        N/A       1%          2
 Poisonous Vapours        Pois/Air       84%        N/A       1%          2
 Searing Ray              Conj           100%       2d8       1%          2
 Wereblood                Tmut           48%        N/A       1%          2
 Call Canine Familiar     Summ           42%        N/A       1%          3
 Gell's Gravitas          Tloc           42%        N/A       1%          3
 Lesser Beckoning         Tloc           42%        N/A       1%          3
 Portal Projectile        Hex/Tloc       84%        N/A       1%          3
 Spider Form              Tmut/Pois      45%        N/A       1%          3
 Summon Guardian Golem    Hex/Summ       42%        N/A       1%          3
 Teleport Other           Tloc           42%        N/A       1%          3
 Vampiric Draining        Necr           42%        2d9       1%          3
 Airstrike                Air            21%        N/A       1%          4
 Iskenderun's Mystic Bla  Conj/Tloc      68%        2d14      1%          4
 Petrify                  Tmut/Erth      96%        N/A       1%          4
 Summon Ice Beast         Ice/Summ       90%        N/A       1%          4
 Metabolic Englaciation   Hex/Ice        45%        N/A       1%          5
 Simulacrum               Ice/Necr       45%        N/A       1%          6
 Passage of Golubria      Tloc           42%        N/A       7%          4
 Manifold Assault         Tloc           42%        N/A       19%         5
 Summon Forest            Summ/Tloc      21%        N/A       19%         5
 Spellforged Servitor     Conj/Summ      34%        N/A       22%         7
 Dispersal                Tloc           21%        N/A       71%         6
 Malign Gateway           Summ/Tloc      21%        N/A       99%         7
 Storm Form               Tmut/Air       22%        N/A       99%         7
 Disjunction              Tloc           21%        N/A       100%        8
 Summon Horrible Things   Summ           21%        N/A       100%        8
 Statue Form              Tmut/Erth      Unusable   N/A       N/A         6

Dungeon Overview and Level Annotations

Branches:
Dungeon (15/15)            Temple (1/1) D:4            Lair (6/6) D:11
 Shoals (4/4) Lair:3        Snake (4/4) Lair:3        Slime (5/5) Lair:5
    Orc (2/2) D:12            Elf (3/3) Orc:2        Vaults (5/5) D:14
  Crypt (1/3) Vaults:2     Depths (4/4) D:15            Zot (0/5) Depths:4
 WizLab (visited)

Altars:
Ashenzari
Cheibriados
Dithmenos
Elyvilon
Fedhas
Gozag
Hepliaklqana
Kikubaaqudgha
Makhleb
Nemelex Xobeh
Okawaru
Qazlal
Ru
Sif Muna
Trog
Uskayaw
Vehumet
Wu Jian
Xom
Yredelemnul
Zin
The Shining One
Beogh
Jiyva

Shops:
D:1 *[   D:6 *   D:7 ?   D:12 [   D:13 =   Orc:1 (   Orc:2 !?(*   Elf:1 !
Elf:2 =?(?   Shoals:1 *   Vaults:1 ?   Depths:1 *   Depths:3 *(

Portals:
Hell: Depths:1 Depths:2 Depths:3 Depths:4
Abyss: Depths:3
Pandemonium: Depths:2
Ziggurat: Depths:3
Trove: D:12 (give shadow dragon scales of Kiqeoxke)

Annotations:
D:9 4 runed translucent doors, Barbarella's ghost, novice MiBe
D:13 2 transporters, dolemite99's ghost, journeyman MfGl
D:14 1 runed translucent door, Uummannaq's ghost, journeyman MiFi
Lair:1 3 runed translucent doors, Cuom's ghost, journeyman GnWn
Lair:4 3 runed translucent doors, Bananafolds's ghost, journeyman MfSk
Lair:6 1 runed translucent door, exclusion: obsidian statue, MolotovDodgeball's ghost, journeyman TrBr
Snake:2 1 runed translucent door, issech's ghost, journeyman TrMo
Elf:1 Roxanne
Elf:2 3 runed translucent doors
Vaults:1 8 runed translucent doors, Kare Xaoge's ghost, adept DgTm
Vaults:4 exclusion: obsidian statue
Crypt:1 Mennas


Innate Abilities, Weirdness & Mutations

You are immune to sickness and miasma.
Your stone body is resilient. (AC +19)
You are immune to poison.
Your large and strong wings let you fly.
You resist negative energy. (rN+)
You are resistant to electric shocks. (rElec)
You are resistant to unholy torment.
You are immune to petrification.
You sometimes lose the ability to read scrolls when taking damage.


Message History

There is a stone staircase leading down here.
Unknown command.
Casting: Shatter (dangerous; 1% risk of failure)
Confirm with . or Enter, or press ? or * to list all spells.
The dungeon rumbles!
The vault warden is lightly wounded.
The vault warden is moderately wounded.
The ironbound preserver is almost dead.
A door shatters! x2
Ka-crash!
You kill the ironbound preserver!
Vehumet accepts your kill.
You feel your power returning.
The vault warden hits you with the +7 quarterstaff "Ucousesm" {flame, *Rage rPois Dex+3}!!
You feel threatened and lose the ability to read scrolls!
The vault warden hits you but does no damage.
The vault warden hits you with the +7 quarterstaff "Ucousesm" {flame, *Rage rPois Dex+3}!!!
* * * LOW HITPOINT WARNING * * *
The vault warden burns you.
* * * LOW HITPOINT WARNING * * *
You cannot read scrolls in your current state!
Okay, then.
Casting: Shatter (dangerous; 1% risk of failure)
Confirm with . or Enter, or press ? or * to list all spells.
Okay, then.
Casting: Shatter (dangerous; 1% risk of failure)
Confirm with . or Enter, or press ? or * to list all spells.
A great freezing vortex appears around you.
The vault warden hits you with the +7 quarterstaff "Ucousesm" {flame, *Rage rPois Dex+3}!
* * * LOW HITPOINT WARNING * * *
The vault warden activates a sealing rune.
The vault warden hits you with the +7 quarterstaff "Ucousesm" {flame, *Rage rPois Dex+3}.
* * * LOW HITPOINT WARNING * * *
Things that are here:
a +0 scale mail; a +0 war axe You kill the vault warden!
Vehumet accepts your kill.
You feel your power returning.
The runic seal fades away.
The vault warden hits you with the +7 quarterstaff "Ucousesm" {flame, *Rage rPois Dex+3}!!
You die...

......# #.....# ##.#.......#
......# #.....# ##.......[...#
......# #.....# .#...........#
......# #.....####............#
+##'#####.....§#§§§§§..########
........#.....#§§§§§§..#
........#...).#§§§§§§.#
.......)#.....#§p§§§§###########
........#.....#§@§§§##.........#
........'.....#§§§§§##.........#
........#....§§§§§##.#.........#
........#...§§#§§## ##...†.....#
........#...§§#§## #......[..#
........#.....### #........:#
#########.?...#########'########
#########.....#....#.<#....#
..............'....#..#....#


You could see a vault warden (berserk).

Vanquished Creatures
  the Royal Jelly (Slime:5)
  A juggernaut (Depths:4)
  Mara (Shoals:4)
  Vashnia (Snake:4)
  Saint Roka (Vaults:3)
  A golden dragon (Depths:1)
  2 bone dragons (Depths:4)
  2 tentacled monstrosities
  4 liches
  3 titans
  A quicksilver dragon (Vaults:5)
  A deep elf blademaster (Elf:3)
  15 acid blobs
  A deep elf master archer (Elf:3)
  3 krakens
  An ancient champion (Vaults:2)
  3 tentacled starspawn (WizLab)
  7 sphinxes
  A storm dragon (Vaults:5)
  Gastronok (Orc:1)
  4 tengu reavers
  16 azure jellies
  7 nagarajas
  9 shadow dragons
  9 fire giants
  12 rockslimes
  Donald (Shoals:1)
  9 frost giants
  14 vault wardens
  2 iron dragons (Vaults:5)
  A balrug (Depths:1)
  Louise (Shoals:4)
  6 ghouls
  4 deep elf sorcerers
  2 draconian scorchers (Depths:4)
  Aizul (Snake:4)
  A caustic shrike skeleton (Depths:2)
  5 war gargoyles
  A spriggan defender (Depths:2)
  34 very ugly things
  20 ironbound preservers
  10 quicksilver oozes
  6 ironbound thunderhulks
  A vampire knight (Depths:2)
  13 stone giants
  A green draconian (Depths:4)
  3 deep elf annihilators (Elf:3)
  2 reapers (Depths:1)
  3 black draconians (Depths:4)
  2 deep elf demonologists (Elf:3)
  2 entropy weavers
  A purple draconian (Depths:4)
  A red draconian (Depths:4)
  9 dire elephants
  4 spark wasps (Depths:2)
  An eidolon (Crypt:1)
  2 crystal guardians
  A yellow draconian (Depths:4)
  3 jiangshi (Crypt:1)
  3 deep elf death magi
  3 fire dragons
  9 ettins
  12 merfolk impalers
  3 merfolk javelineers
  2 deep elf high priests
  13 great orbs of eyes
  10 yaktaur captains
  7 ice dragons
  27 vault guards
  20 naga warriors
  6 hydras
  4 spriggan air magi
  2 ogre magi
  Harold (Orc:1)
  2 peacekeepers
  A hell beast (Depths:1)
  A rakshasa (Depths:3)
  2 alligator snapping turtles
  3 boulder beetles
  A catoblepas (Lair:5)
  10 centaur warriors
  3 salamander tyrants
  8 anacondas
  4 merfolk avatars
  2 death knights
  9 two-headed ogres
  11 dancing weapons
  7 merfolk aquamancers
  4 ironbound frosthearts
  3 satyrs (Shoals:3)
  A vampire mage (Crypt:1)
  2 hell hogs (Depths:1)
  4 thrashing horrors
  4 deep troll shamans
  7 deep troll earth magi
  4 orc high priests
  2 shock serpents
  2 tengu warriors
  22 naga sharpshooters
  5 spriggan berserkers
  2 spriggans (Depths:3)
  A spectral dire elephant (Lair:6)
  2 sun demons (Depths:1)
  Nergalle (Lair:3)
  4 soul eaters (Depths:1)
  Sonja (Orc:1)
  11 deep elf knights (Elf:1)
  A hell knight (D:15)
  A spectral death yak (Lair:6)
  9 salamander mystics
  A sixfirhy (Abyss:3)
  16 sea snakes
  A storm dragon skeleton (Depths:2)
  7 iron trolls
  4 skeletal warriors
  A shadow wraith (WizLab)
  2 spatial maelstroms (Abyss:3)
  69 deep trolls
  3 glowing orange brains
  A spectral anaconda (Lair:6)
  11 deep elf archers
  4 naga ritualists
  A flayed ghost (Depths:2)
  7 necromancers
  An obsidian statue (WizLab)
  4 bog bodies (Crypt:1)
  A phantasmal warrior (Vaults:4)
  15 wizards
  12 harpies
  23 deep elf zephyrmancers
  A fire giant zombie (Vaults:3)
  7 lindwurms
  8 orc knights
  2 large abominations
  A wolf spider (shapeshifter) (Vaults:5)
  17 ironbound convokers
  32 deep elf pyromancers
  17 fauns
  An orc sorcerer (Orc:1)
  2 worldbinders
  57 ugly things
  11 mana vipers
  16 manticores
  10 shining eyes
  6 cyclopes
  A moth of wrath (shapeshifter) (Depths:2)
  41 salamanders
  2 centaur zombies (D:11)
  A fire giant skeleton (Depths:2)
  11 merfolk sirens
  12 guardian serpents
  An eye of devastation (Depths:3)
  2 elephants (shapeshifter) (Vaults:5)
  5 water nymphs
  3 human skeletons
  29 black mambas
  21 elephants
  18 naga magi
  An orange demon (Abyss:3)
  3 torpor snails
  12 vault sentinels
  2 gargoyles
  3 unseen horrors
  A cane toad (shapeshifter) (Elf:2)
  7 cane toads
  5 smoke demons
  2 human zombies (Vaults:2)
  Maggie (D:8)
  4 rime drakes
  A demonspawn skeleton (WizLab)
  2 demonic crawlers
  38 yaktaurs
  A komodo dragon (shapeshifter) (Elf:2)
  Psyche (D:11)
  4 ancient zymes
  2 tengu conjurers (Depths:2)
  3 efreet
  A red draconian skeleton (Crypt:1)
  A yaktaur skeleton (WizLab)
  8 komodo dragons
  3 kobold demonologists (D:13)
  A polar bear (Lair:5)
  37 merfolk
  3 hornets
  6 trolls
  A polar bear (shapeshifter) (Vaults:5)
  Grinder (D:3)
  19 blink frogs
  153 slime creatures
  A tarantella (Vaults:4)
  14 snapping turtles
  9 wind drakes
  2 raiju
  A hydra skeleton (Crypt:1)
  8 dream sheep
  A spectral elephant (Lair:6)
  A flying skull (Abyss:3)
  2 starcursed masses (Abyss:2)
  An ettin zombie (Vaults:3)
  56 yaks
  2 shadows
  2 vampires
  2 dire elephant simulacra (Lair:6)
  3 air elementals
  Sigmund (D:3)
  19 water elementals
  3 wyverns
  5 wraiths
  2 ynoxinuls
  A basilisk (D:15)
  2 steam dragons
  A basilisk (shapeshifter) (D:14)
  A redback (Vaults:3)
  3 death yak simulacra (Lair:6)
  An elf skeleton (WizLab)
  2 redbacks (shapeshifter)
  2 spectral cane toads (Lair:6)
  46 nagas
  11 spatial vortices
  An acid dragon (D:13)
  6 wargs
  17 water moccasins
  A black bear (Lair:1)
  A hell hound (WizLab)
  3 floating eyes
  An ice beast (D:5)
  38 orc warriors
  4 necrophages
  9 ogres
  6 boggarts
  16 wolves
  5 elephant skeletons (Lair:6)
  A phantom (D:5)
  20 centaurs
  6 small abominations
  6 kobold brigands
  11 bullfrogs
  A wyvern zombie (D:8)
  2 scorpions
  2 earth elementals
  A glowing shapeshifter simulacrum (Vaults:2)
  A cane toad simulacrum (Lair:6)
  A water moccasin skeleton (D:4)
  A human simulacrum (Vaults:2)
  5 wights (D:9)
  A spriggan zombie (Crypt:1)
  11 killer bees (D:9)
  2 electric eels (Lair:3)
  3 howler monkeys
  4 lava snakes
  3 hounds
  A quasit (Abyss:2)
  A bullfrog skeleton (D:4)
  24 orc priests
  2 iron imps (Abyss:3)
  3 iguanas
  17 orc wizards
  A hound zombie (D:5)
  A hound skeleton (D:4)
  7 adders
  4 gnolls
  4 ufetubi
  An adder skeleton (D:4)
  2 worms
  76 orcs
  7 endoplasms
  6 giant cockroaches
  4 hobgoblins
  5 jackals
  5 quokkas
  7 ball pythons
  10 bats
  4 frilled lizards
  3 goblins
  30 kobolds
  2 rats (D:2)
  A lurking horror (Abyss:2)
  4 starspawn tentacles (WizLab)
  11 tentacles
2038 creatures vanquished.

Vanquished Creatures (others)
  A nagaraja (Snake:4)
  A howler monkey zombie (D:9)
  44 fungi
  197 plants
  8 starspawn tentacles
  14 tentacles
  25 withered plants (Lair:6)
290 creatures vanquished.

Grand Total: 2328 creatures vanquished

Notes
Turn   | Place    | Note
-------+----------+-------------------------------------------
     0 | D:1      | oldriver the Gargoyle Earth Elementalist began the quest
                  | for the Orb.
     0 | D:1      | Reached XP level 1. HP: 10/10 MP: 3/3
    61 | D:1      | Found Izukkyng's General Store.
   357 | D:1      | Reached XP level 2. HP: 16/16 MP: 3/5
   508 | D:1      | Reached skill level 1 in Fighting
   590 | D:1      | Found a faded altar of an unknown god.
   752 | D:1      | Reached skill level 4 in Earth Magic
   877 | D:1      | Found Luse's Armour Shop.
  1426 | D:2      | Reached XP level 3. HP: 20/20 MP: 2/6
  1811 | D:2      | Learned a level 3 spell: Stone Arrow
  1949 | D:2      | Reached XP level 4. HP: 26/26 MP: 8/8
  2382 | D:3      | Noticed Sigmund
  2478 | D:3      | Noticed an orc warrior
  3264 | D:3      | Noticed Grinder
  3287 | D:3      | Killed Grinder
  3288 | D:3      | Reached skill level 5 in Earth Magic
  3288 | D:3      | Reached XP level 5. HP: 26/32 MP: 2/10
  3288 | D:3      | Reached XP level 6. HP: 30/37 MP: 2/11
  3517 | D:3      | Killed Sigmund
  3518 | D:3      | Reached XP level 7. HP: 19/42 MP: 6/12
  4161 | D:4      | Reached skill level 6 in Earth Magic
  4627 | D:4      | Found a staircase to the Ecumenical Temple.
  4637 | Temple   | Entered the Ecumenical Temple
  4918 | Temple   | Became a worshipper of Vehumet
  5743 | D:5      | Entered Level 5 of the Dungeon
  5750 | D:4      | Reached XP level 8. HP: 42/48 MP: 4/14
  6350 | D:5      | Reached skill level 5 in Fighting
  6488 | D:5      | Reached skill level 7 in Earth Magic
  6654 | D:5      | Reached skill level 5 in Spellcasting
  6666 | D:5      | Reached skill level 5 in Conjurations
  7204 | D:5      | Found an ancient bone altar of Kikubaaqudgha.
  7482 | D:5      | Reached skill level 8 in Earth Magic
  7698 | D:5      | Learned a level 2 spell: Passwall
  7905 | D:6      | Reached XP level 9. HP: 43/54 MP: 2/18
  8387 | D:6      | Reached * piety under Vehumet
  8387 | D:6      | Offered knowledge of Shock by Vehumet.
  8391 | D:6      | Learned a level 2 spell: Searing Ray
  8530 | D:6      | Learned a level 4 spell: Fulminant Prism
  8747 | D:6      | Found Otzeasog's Neck Hole.
  9261 | D:7      | Found Jargh's Magic Scroll Shop.
  9467 | D:7      | Reached skill level 9 in Earth Magic
 10306 | D:8      | Identified the +5 spear of Gravity {vamp, Str+2 Int+4}
 10682 | D:8      | Noticed Maggie
 10704 | D:8      | Learned a level 3 spell: Ozocubu's Armour
 10712 | D:8      | Learned a level 7 spell: Ozocubu's Refrigeration
 11136 | D:8      | Killed Maggie
 11137 | D:8      | Reached skill level 1 in Ice Magic
 11336 | D:6      | Bought a scarf of resistance for 352 gold pieces
 11392 | D:7      | Identified the +8 whip "Supuseku" {protect, Dex+4}
 11544 | D:1      | Bought a +0 pair of gloves for 45 gold pieces
 11892 | D:9      | Reached XP level 10. HP: 60/60 MP: 13/20
 12046 | D:9      | Found a runed translucent gate.
 12046 | D:9      | Found a runed translucent gate.
 12046 | D:9      | Found a runed translucent gate.
 12260 | D:9      | Found an opulent altar of Gozag.
 12262 | D:9      | Noticed Barbarella's ghost (novice MiBe)
 12263 | D:9      | Noticed a centaur warrior
 12280 | D:9      | Reached skill level 10 in Earth Magic
 12562 | D:9      | Reached ** piety under Vehumet
 12566 | D:9      | Offered knowledge of Poisonous Vapours by Vehumet.
 13100 | D:9      | Found a runed translucent door.
 13100 | D:9      | Found the +6 shillelagh "Devastator" {shatter}
 13140 | D:9      | Noticed a cyclops
 13144 | D:9      | Noticed a torpor snail
 13144 | D:9      | a cyclops changed into a torpor snail
 13313 | D:9      | Noticed a two-headed ogre
 13460 | D:10     | Entered Level 10 of the Dungeon
 13665 | D:10     | Found the +4 robe of Augmentation {Str+4 Int+4 Dex+4}
 15088 | D:11     | Reached skill level 5 in Ice Magic
 15157 | D:11     | Found a staircase to the Lair.
 15161 | D:11     | Noticed Psyche
 15163 | D:11     | Noticed a manticore
 15167 | D:11     | Killed Psyche
 15168 | D:11     | Killed a manticore
 15169 | D:11     | Reached XP level 11. HP: 47/67 MP: 19/23
 15407 | D:11     | Offered knowledge of Dazzling Flash by Vehumet.
 15879 | D:11     | You fall into a shaft and drop 1 floor!
 16054 | Lair:1   | Entered Level 1 of the Lair of Beasts
 16163 | Lair:1   | Reached *** piety under Vehumet
 16835 | D:1      | Bought a +1 helmet of intelligence for 165 gold pieces
 17316 | Lair:1   | You fall into a shaft and drop 1 floor!
 18186 | Lair:1   | Found a runed translucent gate.
 18186 | Lair:1   | Found a runed translucent gate.
 18190 | Lair:1   | Found a runed translucent gate.
 18269 | Lair:1   | Noticed Cuom's ghost (journeyman GnWn)
 18401 | Lair:1   | Reached XP level 12. HP: 76/76 MP: 21/25
 18406 | Lair:1   | Reached skill level 5 in Stealth
 18876 | Lair:2   | Offered knowledge of Frozen Ramparts by Vehumet.
 19042 | Lair:2   | Learned a level 3 spell: Frozen Ramparts
 19045 | Lair:2   | Learned a level 2 spell: Blink
 19201 | Lair:3   | Found an ornate altar of the Wu Jian Council.
 19561 | Lair:3   | Found a staircase to the Snake Pit.
 19599 | Lair:3   | Found a staircase to the Shoals.
 20114 | Lair:3   | Reached skill level 10 in Ice Magic
 20119 | Lair:3   | Reached skill level 10 in Fighting
 20119 | Lair:3   | Reached skill level 10 in Spellcasting
 20299 | Lair:3   | Noticed Nergalle
 20431 | Lair:3   | Killed Nergalle
 20527 | Lair:3   | Noticed a five-headed hydra
 20532 | Lair:3   | Killed a five-headed hydra
 21197 | Lair:4   | Reached **** piety under Vehumet
 21358 | Lair:4   | Found a runed translucent gate.
 21360 | Lair:4   | Noticed a boulder beetle
 21376 | Lair:4   | Reached XP level 13. HP: 61/84 MP: 4/27
 21577 | Lair:4   | Offered knowledge of Hailstorm by Vehumet.
 22619 | Lair:4   | Found a runed translucent gate.
 22620 | Lair:4   | Noticed Bananafolds's ghost (journeyman MfSk)
 22621 | Lair:4   | Found a runed translucent gate.
 22851 | Lair:5   | Reached ***** piety under Vehumet
 23246 | Lair:5   | Offered knowledge of Lightning Bolt by Vehumet.
 23705 | Lair:5   | Found a basalt altar of Yredelemnul.
 24285 | Lair:5   | Found a staircase to the Slime Pits.
 24624 | Lair:6   | Entered Level 6 of the Lair of Beasts
 24992 | Lair:6   | Gained mutation: Your large and strong wings let you fly.
                  | [Gargoyle growth]
 24992 | Lair:6   | Reached XP level 14. HP: 92/92 MP: 18/30
 25337 | Lair:6   | Found an ornate altar of the Wu Jian Council.
 25337 | Lair:6   | Found a hide-covered altar of Uskayaw.
 25427 | Lair:6   | Found a runed translucent door.
 25429 | Lair:6   | Noticed MolotovDodgeball's ghost (journeyman TrBr)
 25431 | Lair:6   | Identified the +5 spear of Annoyance {freeze, +Blink rElec
                  | rPois rF-}
 25623 | Lair:6   | Noticed a dire elephant
 25623 | Lair:6   | Noticed a dire elephant
 25623 | Lair:6   | Noticed a dire elephant
 26972 | Lair:6   | Killed a dire elephant
 26974 | Lair:6   | Killed a dire elephant
 26975 | Lair:6   | Killed a dire elephant
 27660 | Snake:1  | Entered Level 1 of the Snake Pit
 28571 | Snake:1  | Reached skill level 1 in Shields
 30100 | D:12     | Found a staircase to the Orcish Mines.
 30323 | D:12     | Found Ciry's Antique Armour Boutique.
 30448 | D:12     | Reached XP level 15. HP: 100/100 MP: 25/32
 30557 | D:12     | Found a portal to a secret trove of treasure.
 30861 | D:12     | Identified the +4 scale mail of Lurip {rElec rC- Regen+
                  | Slay+4}
 30976 | D:7      | Bought a scroll of acquirement for 728 gold pieces
 30978 | D:7      | Acquired a +0 pair of boots of flying
 31091 | Orc:1    | Entered Level 1 of the Orcish Mines
 31409 | Orc:1    | Noticed Gastronok
 31413 | Orc:1    | Killed Gastronok
 31414 | Orc:1    | Reached skill level 1 in Armour
 31705 | Orc:2    | Entered Level 2 of the Orcish Mines
 32896 | Orc:2    | Reached skill level 5 in Shields
 33035 | Orc:2    | Offered knowledge of Sticky Flame by Vehumet.
 33489 | Orc:2    | Found a staircase to the Elven Halls.
 33859 | Orc:2    | Found Wuyheqot's Magic Scroll Shoppe.
 33859 | Orc:2    | Found Hobra's Weapon Boutique.
 33861 | Orc:2    | Found Geakk's General Store.
 33863 | Orc:2    | Found Imiez's Distillery.
 34370 | Orc:1    | Noticed Sonja
 34373 | Orc:1    | Killed Sonja
 34664 | Orc:1    | Found Lorrerah's Weapon Boutique.
 34818 | Orc:1    | Noticed Harold
 34820 | Orc:1    | Killed Harold
 34890 | Orc:1    | Reached skill level 5 in Armour
 35411 | Orc:1    | Offered knowledge of Eringya's Noxious Bog by Vehumet.
 36779 | D:13     | Found a transporter.
 36781 | D:13     | Noticed dolemite99's ghost (journeyman MfGl)
 36787 | D:13     | Found a transporter.
 37305 | D:13     | Identified the amulet of the Lizard {Spirit rF+++ Str+3}
 37344 | D:13     | Found Usaokomm's Jewellery Shop.
 37563 | D:14     | Reached skill level 15 in Ice Magic
 37631 | D:14     | Identified the +4 spear of the Scorching Pariah {freeze,
                  | Int+3 Stlth+}
 37813 | D:14     | Found a runed translucent door.
 37815 | D:14     | Noticed a tengu reaver
 37815 | D:14     | Noticed Uummannaq's ghost (journeyman MiFi)
 38238 | D:14     | Found a gate to the Vaults.
 38424 | D:14     | Reached XP level 16. HP: 106/106 MP: 21/34
 38562 | D:14     | Found an ancient bone altar of Kikubaaqudgha.
 40589 | Snake:2  | Found a runed translucent door.
 40590 | Snake:2  | Found a shimmering altar of Xom.
 40590 | Snake:2  | Noticed issech's ghost (journeyman TrMo)
 40899 | Snake:2  | Reached skill level 15 in Spellcasting
 41591 | Snake:2  | Noticed a nagaraja
 41615 | Snake:2  | Killed a nagaraja
 41928 | Snake:2  | Noticed a nagaraja
 41930 | Snake:2  | Killed a nagaraja
 42013 | Snake:2  | Noticed a nagaraja
 42017 | Snake:2  | Killed a nagaraja
 43802 | D:6      | Bought an amulet of reflection for 330 gold pieces
 43993 | Shoals:1 | Entered Level 1 of the Shoals
 44384 | Shoals:1 | Found Etzamas's Assorted Antiques.
 44548 | Shoals:1 | Noticed Donald
 44553 | Shoals:1 | Killed Donald
 45768 | Shoals:2 | Reached skill level 15 in Fighting
 45804 | Shoals:2 | Offered knowledge of Starburst by Vehumet.
 46266 | Shoals:2 | Reached XP level 17. HP: 113/113 MP: 19/36
 46730 | Shoals:2 | Noticed a kraken
 48230 | Shoals:3 | Noticed a kraken
 48233 | Shoals:3 | Killed a kraken
 49452 | Shoals:3 | Offered knowledge of Iron Shot by Vehumet.
 49463 | Shoals:3 | Learned a level 6 spell: Iron Shot
 49710 | Shoals:4 | Entered Level 4 of the Shoals
 50661 | Shoals:4 | Noticed Louise
 50671 | Shoals:4 | Killed Louise
 50803 | Shoals:4 | Reached skill level 10 in Shields
 51099 | Shoals:4 | Noticed Mara
 51104 | Shoals:4 | Killed Mara
 51687 | Shoals:4 | Reached XP level 18. HP: 110/119 MP: 38/38
 51791 | Shoals:4 | Reached skill level 11 in Earth Magic
 51797 | Shoals:4 | Got a barnacled rune of Zot
 53165 | Snake:3  | Offered knowledge of Lee's Rapid Deconstruction by Vehumet.
 53185 | Snake:3  | Learned a level 5 spell: Lee's Rapid Deconstruction
 55637 | Snake:4  | Entered Level 4 of the Snake Pit
 55637 | Snake:4  | Noticed Vashnia
 55642 | Snake:4  | Killed Vashnia
 56134 | Snake:4  | Reached skill level 12 in Earth Magic
 56301 | Snake:4  | Noticed Aizul
 56306 | Snake:4  | Killed Aizul
 57185 | Snake:4  | Reached XP level 19. HP: 125/125 MP: 32/40
 57658 | Snake:4  | Offered knowledge of Conjure Ball Lightning by Vehumet.
 58100 | Snake:4  | Reached ****** piety under Vehumet
 58144 | Snake:4  | Got the Catalogue of the Snowflakes
 59712 | Snake:4  | Got a serpentine rune of Zot
 60006 | Vaults:1 | Entered Level 1 of the Vaults
 60012 | Vaults:1 | Found a large runed translucent door.
 60012 | Vaults:1 | Found a large runed translucent door.
 60012 | Vaults:1 | Found a large runed translucent door.
 60012 | Vaults:1 | Found a large runed translucent door.
 60012 | Vaults:1 | Found a large runed translucent door.
 60012 | Vaults:1 | Found a large runed translucent door.
 60012 | Vaults:1 | Found a large runed translucent door.
 60012 | Vaults:1 | Found a large runed translucent door.
 60012 | Vaults:1 | Noticed Kare Xaoge's ghost (adept DgTm)
 60944 | Vaults:1 | Found Quf Xyut's Magic Scroll Shop.
 61084 | Vaults:1 | Reached skill level 10 in Armour
 61677 | Vaults:1 | Offered knowledge of Lehudib's Crystal Spear by Vehumet.
 61677 | Vaults:1 | Offered knowledge of Shatter by Vehumet.
 61677 | Vaults:1 | Offered knowledge of Polar Vortex by Vehumet.
 61693 | Vaults:1 | Learned a level 9 spell: Polar Vortex
 62510 | Vaults:1 | Reached XP level 20. HP: 134/134 MP: 36/41
 64246 | Vaults:2 | Found a staircase to the Crypt.
 64246 | Vaults:2 | Found a basalt altar of Yredelemnul.
 64247 | Vaults:2 | Found an ancient bone altar of Kikubaaqudgha.
 65853 | Elf:1    | Entered Level 1 of the Elven Halls
 65867 | Elf:1    | Found a radiant altar of Vehumet.
 65985 | Elf:1    | Found Reipsuac's Distillery.
 66208 | Elf:1    | Found a magical portal.
 66217 | WizLab   | Entered The Roulette of Golubria
 66217 | WizLab   | Found a transporter.
 66264 | WizLab   | Found the +2 cloak of the Thief {*Fog Slay-2 SInv Stlth+}
 66264 | WizLab   | Found a corrupted altar of Lugonu.
 66385 | WizLab   | Found a transporter.
 66526 | WizLab   | Found a transporter.
 66567 | WizLab   | Found a transporter.
 66567 | WizLab   | Found a transporter.
 66568 | WizLab   | Got the Catalogue of Translocation
 66612 | WizLab   | Found a transporter.
 66648 | WizLab   | Found a transporter.
 66778 | WizLab   | Found a transporter.
 66831 | WizLab   | Found a transporter.
 66872 | WizLab   | Found a transporter.
 66965 | WizLab   | Found a transporter.
 67120 | WizLab   | Found a transporter.
 67120 | WizLab   | Found a transporter.
 67197 | WizLab   | Found a corrupted altar of Lugonu.
 67210 | WizLab   | Found a transporter.
 67210 | WizLab   | Found a transporter.
 67614 | WizLab   | Found a transporter.
 67614 | WizLab   | Found a transporter.
 67709 | WizLab   | Learned a level 8 spell: Lehudib's Crystal Spear
 67851 | WizLab   | Found a transporter.
 67851 | WizLab   | Found a transporter.
 67923 | WizLab   | Identified the +5 cloak of the Fisher {rF+}
 67982 | WizLab   | Identified the -2 cloak of the Worm {rN+}
 67985 | WizLab   | Got Golubria's Papyrus of Dislocation
 68166 | WizLab   | Found a transporter.
 68463 | Elf:1    | Identified the +5 falchion of the Vestibule of Hell {venom,
                  | Str+2 SInv}
 68978 | Elf:1    | Reached XP level 21. HP: 142/142 MP: 19/43
 69452 | Elf:1    | Noticed Roxanne
 70101 | Elf:2    | Found Ruiclustre's Magic Scroll Emporium.
 70104 | Elf:2    | Found Kyhin's Magic Scroll Shoppe.
 70104 | Elf:2    | Found Yzxavi Mekk's Weapon Emporium.
 70107 | Elf:2    | Found Coina's Jewellery Shoppe.
 70118 | Elf:2    | Bought a scroll of acquirement for 728 gold pieces
 70118 | Elf:2    | Acquired the +3 warlock's mirror {reflect}
 70118 | Elf:2    | Found the +3 warlock's mirror {reflect}
 70331 | Elf:2    | Found a runed translucent gate.
 70341 | Elf:2    | Found a runed translucent gate.
 70341 | Elf:2    | Found a runed translucent gate.
 71063 | Elf:2    | Found Mueturr's Jewellery Boutique.
 71111 | Elf:2    | Found a radiant altar of Vehumet.
 71316 | Elf:3    | Entered Level 3 of the Elven Halls
 71516 | Elf:3    | Cast into level 2 of the Abyss (a deep elf sorcerer)
 71523 | Abyss:2  | Found a corrupted altar of Lugonu.
 72069 | Abyss:2  | Noticed a dread lich
 72719 | Abyss:3  | Noticed a bone dragon
 72788 | Elf:3    | Escaped the Abyss
 75622 | Vaults:3 | Noticed Saint Roka
 75632 | Vaults:3 | Killed Saint Roka
 77302 | Vaults:4 | Reached XP level 22. HP: 123/150 MP: 29/45
 77636 | Vaults:4 | Identified the ring of Doaz {Wiz Stlth+}
 78162 | Vaults:4 | Reached skill level 13 in Earth Magic
 79116 | Vaults:4 | Learned a level 9 spell: Shatter
 80048 | Slime:1  | Entered Level 1 of the Pits of Slime
 81219 | Slime:4  | Gained mutation: You sometimes lose the ability to read
                  | scrolls when taking damage. [a shining eye]
 82477 | Slime:5  | Entered Level 5 of the Pits of Slime
 82629 | Slime:3  | Reached skill level 14 in Earth Magic
 82891 | Slime:3  | Reached skill level 15 in Armour
 84505 | Slime:4  | Reached skill level 15 in Earth Magic
 84505 | Slime:4  | Reached XP level 23. HP: 156/156 MP: 35/47
 84908 | Slime:5  | Found a viscous altar of Jiyva.
 85490 | Slime:5  | Noticed the Royal Jelly
 85497 | Slime:5  | Killed the Royal Jelly
 85498 | Slime:5  | Reached skill level 16 in Earth Magic
 85595 | Slime:5  | Found the +12 glaive of Prune {vorpal}
 85597 | Slime:5  | Identified the +3 great mace of the Puffin {venom, Dex+3}
 85606 | Slime:5  | Found the +10 zealot's sword {holy, *Rage rN+ EV+3}
 85618 | Slime:5  | Got the Tome of Creative Arcane Weapons
 85635 | Slime:5  | Identified the +8 plate armour of the Mind {rElec rF+
                  | Int+4}
 85674 | Slime:5  | Got a slimy rune of Zot
 85685 | Slime:5  | Identified the +4 scale mail of Bitterness {rF+ Str+5
                  | Slay+3 Stlth+}
 85880 | Slime:5  | Identified the +5 plate armour "Ocugar" {Contam +Inv rC++
                  | Regen+}
 86314 | D:13     | Bought a ring of protection from cold for 300 gold pieces
 86441 | Crypt:1  | Entered Level 1 of the Crypt
 86840 | D:15     | Entered Level 15 of the Dungeon
 87213 | D:15     | Reached skill level 17 in Earth Magic
 87660 | D:15     | Found a staircase to the Depths.
 88129 | D:15     | Found a broken altar of Ashenzari.
 88495 | Crypt:1  | Reached skill level 18 in Earth Magic
 88518 | Crypt:1  | Noticed Mennas
 88866 | Depths:1 | Entered Level 1 of the Depths
 88883 | Depths:1 | Found Esiaryz's Assorted Antiques.
 88891 | Depths:1 | Bought an ebony mace for 208 gold pieces
 88891 | Depths:1 | Identified the +2 mace of Gehenna {holy, rC++} (You bought
                  | it in a shop on level 1 of the Depths)
 89702 | Depths:1 | Reached skill level 19 in Earth Magic
 90824 | Depths:1 | Found a gateway to Hell.
 91050 | Depths:1 | Reached skill level 20 in Earth Magic
 91500 | Depths:2 | Reached XP level 24. HP: 133/163 MP: 28/47
 91677 | Depths:1 | Reached skill level 21 in Earth Magic
 91965 | Depths:2 | Found a one-way gate leading to the halls of Pandemonium.
 92722 | Depths:3 | Found Wuett's Whimsical Warehouse.
 92889 | Depths:3 | Found a one-way gateway to a ziggurat.
 93037 | Depths:3 | Found Cuamp's Antique Weapon Emporium.
 93190 | Depths:3 | Reached skill level 22 in Earth Magic
 94017 | Depths:3 | Found a one-way gate to the infinite horrors of the Abyss.
 94283 | Depths:4 | Entered Level 4 of the Depths
 94308 | Depths:4 | Reached skill level 1 in Evocations
 94483 | Depths:4 | Noticed a juggernaut
 94490 | Depths:4 | Killed a juggernaut
 95940 | Depths:4 | Identified the +11 mace of Vengeance {vorpal, rElec rF+ rC+
                  | Will-}
 96048 | Depths:4 | Found a gate to the Realm of Zot.
 96486 | Vaults:5 | Entered Level 5 of the Vaults
 96490 | Vaults:5 | Reached skill level 23 in Earth Magic
 96490 | Vaults:5 | Reached XP level 25. HP: 169/169 MP: 47/47
 97009 | Vaults:4 | Learned a level 3 spell: Swiftness
 97682 | Vaults:5 | Reached skill level 5 in Evocations
 97682 | Vaults:5 | Identified the +7 quarterstaff "Ucousesm" {flame, *Rage
                  | rPois Dex+3}
 97682 | Vaults:5 | Noticed a dread lich
 98055 | Vaults:4 | Slain by a vault warden

Illustrated notes

Levels and vault maps discovered:
D:1:      psy_arrival_whirlpool, layout_basic, serial_shops,
          nicolae_diamond_shop, shop, basic_ecumenical_altar,
          roderic_roman_lattice
D:2:      layout_basic, minmay_indecisive_spiral
D:3:      layout_loops_ring, supply_closet_lemuel, minivault_14,
          minmay_diced_spiral, uniq_sigmund, uniq_grinder
D:4:      layout_loops_cross, minmay_temple_entry_mini_moons
D:5:      layout_loops_ring, mainiacjoe_overflow_paths, grunt_ministairs_3,
          chequers_jeans
D:6:      layout_basic, nicolae_shop_sticking_my_neck_out
D:7:      layout_cave_pools, serial_shops, shop, kennysheep_cross_bottleneck
D:8:      layout_basic, uniq_maggie
D:9:      gammafunk_indiana_jones, layout_basic, ebering_ghost_gozag
D:10:     layout_stronghold
D:11:     layout_loops_ring, lair_entry_dummy, uniq_psyche
D:12:     layout_irregular_city, david_orc_2, nicolae_trove_entry_diagonal,
          serial_shops, nicolae_shop_statue_plus
D:13:     layout_long_grid, gammafunk_ghost_mausoleum, serial_shops,
          kennysheep_little_box
D:14:     layout_long_grid, david_vaults_2, ebering_ghost_inner_flame,
          old_standard_altar
D:15:     hangedman_depths_entry_civil_slaughter, layout_cave_pools,
          cheibrodos_ashenzari_chains
Temple:   mainiacjoe_temple_trianglar_array
Lair:1:   layout_long_grid, gammafunk_ghost_necromancy
Lair:2:   layout_regular_city
Lair:3:   layout_regular_city, elwin_shoals_entry_rocks,
          minmay_snake_entry_guardpost_small, basic_altar, serial_bayou_shore_a,
          uniq_nergalle
Lair:4:   beast_lair_carwin_large_2, layout_regular_city, gammafunk_ghost_split,
          nicolae_lair_lil_pond
Lair:5:   layout_small_grid, dpeg_slime_entry_corner, basic_altar
Lair:6:   due_jungle_book, layout_loops_ring, ebering_ghost_funeral_grove,
          nzn_masters_of_martial_movement
Shoals:1: layout_shoals, serial_shops, shop_coins, uniq_donald
Shoals:2: layout_shoals
Shoals:3: layout_shoals
Shoals:4: shoals_end_simple, layout_shoals, uniq_louise, uniq_mara
Snake:1:  layout_cave_shapes
Snake:2:  nicolae_cobra_stairs, layout_layer_cave, ebering_ghost_xom
Snake:3:  layout_chambers
Snake:4:  grunt_snake_rune_serpentine_throne, layout_cave_town,
          grunt_ministairs_13, nicolae_snake_salamander_zone, uniq_vashnia,
          uniq_aizul
Slime:1:  layout_caves
Slime:2:  layout_caves
Slime:3:  layout_caves
Slime:4:  cheibrodos_slime_lost_civilization_2, layout_caves
Slime:5
Orc:1:    layout_caves, serial_shops, shop, minmay_orc_temple_c, uniq_sonja,
          uniq_harold, uniq_gastronok
Orc:2:    st_orc_rangers, layout_diamond_mine, basic_altar
Elf:1:    eino_elf_arrival_altar, layout_rooms, mu_enter_wizlab_6, serial_shops,
          nicolae_shop_waterfront, minmay_elf_sorcery, uniq_roxanne
Elf:2:    elven_hall_of_blades_hangedman_original [nicolae_blade_lattice],
          layout_onion_city, serial_shops, shop, basic_altar, st_stairs_3,
          lemuel_flamethrower_3, minmay_shoptagon
Elf:3:    grunt_elf_hall_spiral, layout_gridlike, drop_trap
Vaults:1: advil_vaults_ghost_lines, grunt_vaults_swirl,
          vaults_standard_mumra_lines, v_misc_27, vaults_mumra_hex,
          nicolae_vaults_alarming, vaults_dpeg_encased_lava,
          layout_vaults_omnigrid, serial_shops, shop
Vaults:2: minmay_crypt_entry_necro_gods, nicolae_vaults_network_barrier,
          st_quartered_hall, grunt_vaults_hallway_long, vaults_dpeg_ring,
          nicolae_vaults_little_squares_3, nicolae_vaults_circle_grid_b,
          hangedman_vaults_capsules, nicolae_vaults_little_squares_4,
          layout_vaults_omnibox
Vaults:3: ontoclasm_vaults_twist, nicolae_vaults_big_angled_halls,
          ontoclasm_vaults_decontamination, nicolae_vaults_back_hallway,
          v_pattern_2, nicolae_vaults_shelves_hall, vaults_mumra_minichess,
          ontoclasm_vaults_claustrophobia, v_misc_16, layout_vaults_big_room,
          serial_glass, uniq_saint_roka
Vaults:4: nicolae_vaults_windows_and_doors_thing, grunt_vaults_hallway_short,
          nicolae_vaults_rhombus_7, nicolae_vaults_statue_guard, v_misc_12,
          v_misc_28, grunt_vaults_funnel, v_misc_23, ontoclasm_vaults_pinch,
          nicolae_vaults_circle_grid_a, layout_vaults_ring
Vaults:5: serial_shops
Crypt:1:  layout_misc_corridors, hex_large, uniq_mennas
Depths:1: layout_cave_shapes, hellmouth_2, serial_shops,
          nicolae_shop_advertising_works [nicolae_subvault_shop_adworks],
          kennysheep_small_square, grunt_megastairs_2
Depths:2: minmay_inside_and_out, layout_long_grid, hell_entry, pan_entry,
          fountainhead, corexii_corridor_pit, kennysheep_generic_room_7,
          minmay_staircase_bubble
Depths:3: kennysheep_cluttered_fort, layout_gridlike, enter_ziggurat_d,
          hangedman_abyss_entry_splay, minmay_misc_feat_x, serial_shops, shop,
          pf_hell_entry_great_geh, st_stairs_8, nicolae_alphabet_shops
Depths:4: grunt_zot_entry_gee_three, layout_gridlike, hell_entry,
          lemuel_flamethrower_3

Skill      XL: |  1  2  3  4  5  6  7  8  9 10 11 12 13 14 15 16 17 18 19 20 21 22 23 24 25 |
---------------+----------------------------------------------------------------------------+-----
Fighting       | 1 2 3 4 5 7 9 11 12 14 15 16 17 18 19 20 | 20.8
Earth Magic    | 4 5 6 8 9 10 12 15 20 23 | 23.2
Spellcasting   | 3 4 6 7 8 9 10 12 13 14 15 16 17 18 19 20 | 20.5
Conjurations   | 2 3 4 5 6 7 9 |  9.0
Ice Magic      | 1 5 8 10 12 13 15 16 17 18 19 20 | 20.4
Stealth        | 3 4 5 8 |  8.3
Shields        | 3 5 8 10 | 10.0
Armour         | 5 8 10 12 13 15 16 | 16.1
Evocations     | 4 5 |  5.0
Dodging        | |  1.5
Transmutations | |  0.7

Action                   |  1- 3 |  4- 6 |  7- 9 | 10-12 | 13-15 | 16-18 | 19-21 | 22-24 | 25-27 || total
-------------------------+-------+-------+-------+-------+-------+-------+-------+-------+-------++-------
Melee: Unarmed           |    17 |       |       |       |       |       |       |       |       ||    17
       Dagger            |    14 |    39 |    65 |       |       |       |       |       |       ||   118
       Spear             |       |       |    32 |   126 |   141 |    42 |   182 |    76 |       ||   599
Throw: Dart              |       |       |       |     4 |       |       |       |       |       ||     4
       Stone             |       |       |       |     1 |       |       |       |       |       ||     1
 Cast: Sandblast         |    48 |    39 |    16 |     1 |     2 |     1 |       |       |       ||   107
       Stone Arrow       |       |       |   138 |   241 |   307 |    63 |     2 |       |       ||   751
       Searing Ray       |       |       |     1 |     4 |       |       |       |       |       ||     5
       Ozocubu's Armour  |       |       |     1 |    12 |    13 |     2 |     6 |     3 |       ||    37
       Frozen Ramparts   |       |       |       |    14 |     7 |       |       |       |       ||    21
       Ozocubu's Refrige |       |       |       |     2 |   227 |   531 |   649 |   613 |    21 ||  2043
       Iron Shot         |       |       |       |       |       |     1 |    66 |    16 |     2 ||    85
       Lee's Rapid Decon |       |       |       |       |       |       |     5 |     1 |       ||     6
       Polar Vortex      |       |       |       |       |       |       |     5 |     1 |     1 ||     7
       Lehudib's Crystal |       |       |       |       |       |       |     3 |    72 |    18 ||    93
       Blink             |       |       |       |       |       |       |       |     1 |       ||     1
       Shatter           |       |       |       |       |       |       |       |    57 |     9 ||    66
       Swiftness         |       |       |       |       |       |       |       |       |     4 ||     4
Evoke: Wand              |       |       |       |     5 |     1 |       |       |       |       ||     6
       Lightning rod     |       |       |       |       |     1 |       |     2 |       |       ||     3
  Use: Scroll            |       |     2 |    18 |       |    11 |     2 |    10 |     3 |       ||    46
       Potion            |       |     2 |     7 |       |     1 |       |     5 |     3 |       ||    18
 Stab: Sleeping          |     1 |     2 |       |       |       |       |       |       |       ||     3
Armor: Robe              |    22 |    18 |    56 |   163 |   173 |    56 |   216 |   154 |    33 ||   891
       Steam dragon scal |       |       |     9 |    24 |       |       |       |       |       ||    33
       Skin              |       |       |     4 |       |       |       |       |       |       ||     4
Dodge: Dodged            |    35 |    39 |    72 |   156 |   140 |    26 |   125 |    69 |    26 ||   688
Block: Buckler           |     3 |    12 |    27 |    26 |    44 |     1 |   101 |    83 |    24 ||   321
       Kite shield       |       |       |       |       |       |   106 |   137 |       |       ||   243
       Reflection        |       |       |       |       |       |    36 |    40 |    14 |     7 ||    97
